 Dungeon Crawl Stone Soup version 0.29.1-2-gbd0b4ee654 (webtiles) character file.

Game seed: 9054026948407495154

254 Firos the Conjurer (level 5, 0/28 HPs)
             Began as a Deep Elf Conjurer on Nov 15, 2022.
             Was an Initiate of Vehumet.
             Killed from afar by an acid dragon (28 damage)
             ... with a splash of acid
             ... on level 4 of the Dungeon.
             The game lasted 00:04:41 (3562 turns).

Firos the Conjurer (Deep Elf Conjurer)              Turns: 3562, Time: 00:04:41

Health: 0/28       AC:  5    Str:  4    XL:     5   Next: 90%
Magic:  10/14      EV: 12    Int: 25    God:    Vehumet [......]
Gold:   237        SH:  0    Dex: 13    Spells: 3/14 levels left

rFire   . . .      SeeInvis .   j - staff of conjuration
rCold   . . .      Faith    .   (no shield)
rNeg    . . .      Spirit   .   a - +0 robe
rPois   .          Reflect  .   (no helmet)
rElec   .          Harm     .   (no cloak)
rCorr   .          Rampage  .   g - +2 pair of gloves
Will    .....                   (no boots)
Stlth   ++........              (no amulet)
HPRegen 0.09/turn               (no ring)
MPRegen 0.14/turn               (no ring)

@: no status effects
A: no striking features
a: Renounce Religion


You were on level 4 of the Dungeon.
You worshipped Vehumet.
Vehumet was noncommittal.
You visited 1 branch of the dungeon, and saw 4 of its levels.

You collected 237 gold pieces.

Inventory:

Armour
 a - a +0 robe (worn)
 g - a +2 pair of gloves (worn)
Magical Staves
 j - a staff of conjuration (weapon)
Scrolls
 c - 3 scrolls of amnesia
 f - a scroll of enchant armour
 h - 5 scrolls of blinking
 i - 2 scrolls of poison {unknown}
 l - a scroll of teleportation {unknown}
 m - a scroll of magic mapping {unknown}
 n - a scroll of identify
 o - a scroll of immolation {unknown}
 p - a scroll of fear {unknown}
Potions
 b - a potion of magic
 d - 2 potions of curing
 e - a potion of cancellation {unknown}
 k - a potion of attraction


   Skills:
 - Level 2.4 Dodging
 - Level 2.4 Stealth
 + Level 5.3 Spellcasting
 * Level 7.0 Conjurations


You had 3 spell levels left.
You knew the following spells:

 Your Spells              Type           Power      Damage    Failure   Level
a - Magic Dart            Conj           100%       1d8       1%          1
b - Searing Ray           Conj           100%       2d8       1%          2
c - Fulminant Prism       Conj/Hex       18%        3d11      19%         4
d - Iskenderun's Mystic   Conj/Tloc      36%        2d9       19%         4

Your spell library contained the following spells:

 Spells                   Type           Power      Damage    Failure   Level
 Dazzling Flash           Conj/Hex       72%        N/A       5%          3
 Summon Small Mammal      Summ           24%        N/A       9%          1
 Call Canine Familiar     Summ           6%         N/A       24%         3
 Summon Guardian Golem    Hex/Summ       6%         N/A       24%         3


Dungeon Overview and Level Annotations

Branches:
Dungeon (4/15)
 Temple: D:4-7

Altars:
Vehumet


Message History

There is a stone staircase leading down here.
Found a stone staircase leading down.
There is a stone staircase leading down here.
p - a scroll labelled EXZOZE ALY KUX
Found a radiant altar of Vehumet.
c - 3 scrolls of amnesia (gained 1)
A ball python comes into view.
The ball python hisses angrily.
There is a radiant altar of Vehumet here.
You kneel at the altar of Vehumet.
Vehumet welcomes you!
A ball python is nearby!
You feel a surge of power!
The magic dart hits the ball python!
You kill the ball python!
Vehumet accepts your kill.
You see here a ball python corpse.
An acid dragon comes into view.
Found 2 large rocks.
Casting: Magic Dart (safe; 1% risk of failure)
Confirm with . or Enter, or press ? or * to list all spells.
Okay, then.
Casting: Magic Dart (safe; 1% risk of failure)
Confirm with . or Enter, or press ? or * to list all spells.
Okay, then.
Casting: Magic Dart (safe; 1% risk of failure)
Confirm with . or Enter, or press ? or * to list all spells.
Aiming: Searing Ray (safe; 1% risk of failure)
Press: ? - help, Shift-Dir - straight line, f - acid dragon
Aim: an acid dragon (83% to hit)
You feel a surge of power!
The searing ray hits the acid dragon!
The acid dragon is moderately wounded. (Press . to maintain the ray.)
The searing ray hits the acid dragon!
The acid dragon is severely wounded.
The searing ray hits the acid dragon.
The acid dragon is severely wounded.
The acid dragon spits acid at you. The splash of acid hits you!!
Ouch! That really hurt!
You die...

#.≈≈≈≈≈≈≈.#......
....
#§§§§≈§.§§#......
....
#§.≈...≈.≈###....
....
#§.≈._§§.≈####...
#..
#§.≈..§≈.≈#......
...
#≈§.≈≈§§†≈#######
#(##.§≈§§≈≈≈.#
#.D#.........##
#.@#########.#
#### #.....#
#######


You could see an acid dragon (catching breath).

Vanquished Creatures
  A phantom (D:4)
  A hound (D:3)
  7 adders
  An ufetubus (D:4)
  2 worms (D:4)
  6 orcs
  5 ball pythons
  5 endoplasms
  3 giant cockroaches
  7 goblins
  11 hobgoblins
  4 quokkas
  5 bats
  9 frilled lizards
  A kobold (D:1)
  3 rats
71 creatures vanquished.

Vanquished Creatures (others)
  A fulminant prism (D:4)
1 creature vanquished.

Grand Total: 72 creatures vanquished

Notes
Turn   | Place    | Note
-------+----------+-------------------------------------------
     0 | D:1      | Firos the Deep Elf Conjurer began the quest for the Orb.
     0 | D:1      | Reached XP level 1. HP: 10/10 MP: 6/6
   162 | D:1      | Reached XP level 2. HP: 15/15 MP: 5/8
   286 | D:1      | Learned a level 2 spell: Searing Ray
   716 | D:1      | Reached skill level 5 in Conjurations
  1309 | D:2      | Reached XP level 3. HP: 19/19 MP: 7/10
  2404 | D:3      | Reached XP level 4. HP: 24/24 MP: 10/12
  2409 | D:3      | Learned a level 4 spell: Fulminant Prism
  2434 | D:3      | Reached skill level 6 in Conjurations
  2860 | D:4      | Noticed a phantom
  2893 | D:3      | Reached XP level 5. HP: 28/28 MP: 9/13
  2898 | D:3      | Learned a level 4 spell: Iskenderun's Mystic Blast
  3271 | D:4      | Killed a phantom
  3272 | D:4      | Reached skill level 5 in Spellcasting
  3380 | D:4      | Reached skill level 7 in Conjurations
  3494 | D:4      | Found a radiant altar of Vehumet.
  3536 | D:4      | Became a worshipper of Vehumet
  3559 | D:4      | Noticed an acid dragon
  3562 | D:4      | Killed from afar by an acid dragon

Illustrated notes

Levels and vault maps discovered:
D:1:      dpeg_arrival_windows_large_door, layout_loops_ring,
          wander_ebering_terrifying_dragon_lair
D:2:      layout_loops_ring
D:3:      layout_basic, minmay_fractal_squares_5
D:4:      layout_rooms, mainiacjoe_overflow_paths,
          yredelemnul_forgotten_temple_becter, st_stairs_9,
          kennysheep_generic_room_13

Skill      XL: |  1  2  3  4  5 |
---------------+----------------+-----
Conjurations   | 5 6 7 |  7.0
Spellcasting   | 4 5 |  5.3
Dodging        | |  2.4
Stealth        | |  2.4

Action                   |  1- 3 |  4- 6 || total
-------------------------+-------+-------++-------
 Cast: Magic Dart        |    73 |    54 ||   127
       Searing Ray       |       |     3 ||     3
       Fulminant Prism   |       |     1 ||     1
  Use: Scroll            |     1 |     4 ||     5
       Potion            |     1 |       ||     1
Armor: Robe              |     1 |       ||     1
Dodge: Dodged            |     2 |     3 ||     5
